 Dungeon Crawl Stone Soup version 0.28.0-47-ge53b351184 (webtiles) character file.

Game seed: 12145779064981383137

284 pkoi the Conjurer (level 6, 0/38 HPs)
             Began as an Octopode Conjurer on May 8, 2022.
             Slain by a centaur (2 damage)
             ... on level 5 of the Dungeon.
             The game lasted 00:05:44 (5759 turns).

pkoi the Conjurer (Octopode Conjurer)               Turns: 5759, Time: 00:05:45

Health: 0/38       AC:  1    Str: 12    XL:     6   Next: 29%
Magic:  1/9        EV: 13    Int: 22    God:
Gold:   141        SH:  0    Dex: 11    Spells: 2/9 levels left

rFire   . . .      SeeInvis .   a - +1 short sword (spect)
rCold   . . .      Faith    .   (no shield)
rNeg    . . .      Spirit   .   (helmet restricted)
rPois   +          Reflect  .   (no amulet)
rElec   .          Harm     .   k - ring of Maciom Xiul {rPois rCorr Str+6}
rCorr   +          Rampage  .   (no ring)
Will    .....                   (no ring)
Stlth   +++.......              (no ring)
HPRegen 0.12/turn               (no ring)
MPRegen 0.11/turn               (no ring)
                                (no ring)
                                (no ring)

@: no status effects
A: almost no armour, amphibious, 8 rings, camouflage 1, gelatinous body 1,
(nimble swimmer 1), tentacles
a: no special abilities


You were on level 5 of the Dungeon.
You visited 1 branch of the dungeon, and saw 5 of its levels.

You collected 141 gold pieces.

Inventory:

Hand Weapons
 a - a +1 spectral short sword (weapon)
 i - a +0 dagger
 n - a +0 dagger of electrocution
 q - a +1 short sword of venom
Missiles
 c - 3 poisoned darts
 t - 6 curare-tipped darts
Armour
 h - an orb of light
Magical Staves
 j - a staff of cold
Jewellery
 f - an amulet of regeneration
 k - the ring of Maciom Xiul (left tentacle) {rPois rCorr Str+6}
   (You acquired it on level 4 of the Dungeon)

   [ring of strength]

   Str:       It affects your strength (+6).
   rPois:     It protects you from poison.
   rCorr:     It protects you from acid and corrosion.
Wands
 m - a wand of polymorph (7)
Scrolls
 b - 2 scrolls of silence
 g - a scroll of identify
 l - a scroll of enchant weapon
 r - a scroll of brand weapon
 s - a scroll of teleportation
Potions
 d - a potion of flight
 e - 3 potions of might
 o - a potion of resistance
 u - a potion of curing
 v - 2 potions of attraction {unknown}


   Skills:
 + Level 1.4 Fighting
 + Level 2.5 Dodging
 - Level 2.6 Stealth
 + Level 2.4 Spellcasting
 * Level 6.4 Conjurations
 + Level 1.3 Translocations


You had 2 spell levels left.
You knew the following spells:

 Your Spells              Type           Power      Damage    Failure   Level
a - Magic Dart            Conj           100%       1d8       1%          1
b - Searing Ray           Conj           62%        2d6       1%          2
c - Iskenderun's Mystic   Conj/Tloc      19%        2d6       26%         4

Your spell library contained the following spells:

 Spells                   Type           Power      Damage    Failure   Level
 Dazzling Flash           Conj/Hex       32%        N/A       11%         3
 Mephitic Cloud           Conj/Pois/Air  12%        N/A       16%         3
 Portal Projectile        Hex/Tloc       10%        N/A       30%         3
 Fulminant Prism          Conj/Hex       8%         3d7       34%         4
 Ignite Poison            Fire/Tmut/Pois 2%         N/A       36%         3
 Inner Flame              Hex/Fire       2%         N/A       36%         3
 Spider Form              Tmut/Pois      2%         N/A       36%         3
 Olgreb's Toxic Radiance  Pois           2%         N/A       78%         4
 Freezing Cloud           Conj/Ice/Air   6%         6-21      83%         5
 Blade Hands              Tmut           1%         N/A       98%         5
 Excruciating Wounds      Necr           1%         N/A       98%         5


Dungeon Overview and Level Annotations

Branches:
Dungeon (5/15)
 Temple: D:4-7

Altars:
Zin

Shops:
D:3 *   D:4 :


Innate Abilities, Weirdness & Mutations

You cannot wear most types of armour.
You are amphibious.
You can wear up to eight rings at the same time.
Your skin changes colour to match your surroundings (Stealth+).
Your rubbery body absorbs attacks. (AC +1, EV +1)
((You are camouflaged when in or above water. (Stealth+)))
You have tentacles for arms and can constrict up to eight enemies at once.


Message History

You closely miss the howler monkey. Your grab misses the howler monkey.
Your squeeze misses the howler monkey.
The howler monkey is almost dead.
Your +1 spectral short sword closely misses the howler monkey.
The howler monkey barely misses you.
Unknown command.
You hit the howler monkey.
You kill the howler monkey!
Unknown command.
(D) Dungeon
Where to? (Enter - D:5, ? - help)
You see here an iguana corpse.
A centaur comes into view.
The centaur shouts!
The centaur wields a +0 shortbow.
The centaur shoots an arrow.
The arrow hits you.
* * * LOW HITPOINT WARNING * * *
The centaur unwields a +0 shortbow.
The centaur barely misses you. x2
You hit the centaur.
The centaur is lightly wounded.
Your +1 spectral short sword hits the centaur.
The centaur hits you.
* * * LOW HITPOINT WARNING * * *
The centaur closely misses you.
Unknown command.
You barely miss the centaur.
The centaur is moderately wounded.
Your +1 spectral short sword hits the centaur.
The centaur hits you.
* * * LOW HITPOINT WARNING * * *
The centaur kicks you.
* * * LOW HITPOINT WARNING * * *
The centaur completely misses you. The centaur closely misses you.
You closely miss the centaur.
You squeeze the centaur, but do no damage.
The centaur is heavily wounded.
Your +1 spectral short sword barely misses the centaur.
The centaur closely misses you. The centaur barely misses you.
The centaur closely misses you. The centaur kicks you.
You die...

.. #..........# #.##
##..........#
###..####..........##
..................##
#.............####
#...........###
#...........#
.#####..c(.......#
........@#......##
.....##.....#.###
..... ##...####
......#.†### #...#
#####


You could see a centaur and a friendly +1 spectral short sword (summoned).

Vanquished Creatures
  A howler monkey (D:5)
  A hound (D:2)
  A bullfrog zombie (D:5)
  A jelly (D:4)
  An iguana (D:5)
  5 adders
  An adder skeleton (D:4)
  A dart slug (D:4)
  9 orcs
  A bat (D:1)
  5 endoplasms
  2 giant cockroaches
  4 goblins
  5 hobgoblins
  10 kobolds
  2 quokkas
  10 ball pythons
  2 frilled lizards
  6 rats
68 creatures vanquished.

Notes
Turn   | Place    | Note
-------+----------+-------------------------------------------
     0 | D:1      | pkoi the Octopode Conjurer began the quest for the Orb.
     0 | D:1      | Reached XP level 1. HP: 11/11 MP: 3/3
   140 | D:1      | Found a faded altar of an unknown god.
   248 | D:1      | Reached XP level 2. HP: 14/17 MP: 0/5
   837 | D:1      | Reached XP level 3. HP: 21/21 MP: 2/6
  1113 | D:2      | Reached skill level 5 in Conjurations
  1335 | D:2      | Got the Incunabulum of the Cankerous Volcanoes
  1455 | D:2      | Learned a level 2 spell: Searing Ray
  2108 | D:2      | Reached XP level 4. HP: 27/27 MP: 5/7
  3166 | D:3      | Learned a level 4 spell: Iskenderun's Mystic Blast
  3383 | D:3      | Found Zin's Purification Station.
  3386 | D:3      | Found a glowing silver altar of Zin.
  3849 | D:4      | Reached skill level 6 in Conjurations
  3849 | D:4      | Reached XP level 5. HP: 31/31 MP: 5/8
  3850 | D:4      | Identified a scroll of acquirement
  3850 | D:4      | Acquired the ring of Maciom Xiul {rPois rCorr Str+6}
  4018 | D:4      | Found Maliqesoo's Book Emporium.
  5246 | D:5      | Entered Level 5 of the Dungeon
  5498 | D:5      | Reached skill level 1 in Fighting
  5498 | D:5      | Reached skill level 1 in Translocations
  5747 | D:5      | Reached XP level 6. HP: 19/38 MP: 0/9
  5759 | D:5      | Slain by a centaur

Illustrated notes

Levels and vault maps discovered:
D:1:      roderic_octagonal_star, layout_rooms,
          hellmonk_ecumenical_altar_heavens_door
D:2:      layout_rooms
D:3:      layout_basic, zin_purify
D:4:      layout_loops_ring, serial_shops, shop
D:5:      layout_cave_pools

Skill      XL: |  1  2  3  4  5 |
---------------+----------------+-----
Conjurations   | 5 6 |  6.4
Fighting       | 1 |  1.4
Translocations | 1 |  1.3
Dodging        | |  2.5
Stealth        | |  2.6
Spellcasting   | |  2.4

Action                   |  1- 3 |  4- 6 || total
-------------------------+-------+-------++-------
Melee: Short sword       |     2 |    10 ||    12
       Constrict         |       |     2 ||     2
       Tentacles         |       |     3 ||     3
 Cast: Magic Dart        |    66 |    78 ||   144
       Searing Ray       |       |     5 ||     5
  Use: Scroll            |     4 |     7 ||    11
Dodge: Dodged            |     1 |    28 ||    29
